 Dungeon Crawl Stone Soup version 0.24-a0-251-g44e327e (webtiles) character file.

Game seed: 16946908761661695100

4737 Spwack the Basher (level 10, -3/76 HPs)
             Began as a Demonspawn Wanderer on Apr 16, 2019.
             Was a High Priest of Okawaru.
             Slain by a gnoll sergeant
             ... wielding a +6 spear of flaming
              (7 damage)
             ... on level 8 of the Dungeon.
             The game lasted 00:29:51 (4727 turns).

Spwack the Basher (Demonspawn Wanderer)             Turns: 4727, Time: 00:29:52

Health: -3/76      AC: 22    Str: 16    XL:     10   Next: 22%
Magic:  0/13       EV: 13    Int: 13    God:    Okawaru [*****.]
Gold:   203        SH:  0    Dex: 13    Spells: 10/14 levels left

rFire    . . .     SeeInvis .   A - +6 flail (crush)
rCold    + . .     Gourm    .   (no shield)
rNeg     . . .     Faith    .   w - +4 ring mail {rC+}
rPois    +         Spirit   +   (helmet restricted)
rElec    .         Reflect  .   (no cloak)
rCorr    .         Harm     .   (no gloves)
MR       .....                  j - +0 pair of boots
Stlth    +.........             g - amulet of guardian spirit
HPRegen  0.22/turn              h - +2 ring of protection
MPRegen  0.13/turn              r - ring of poison resistance

@: sanguine armour, berserk cooldown, flying, slowed, very slow
A: horns 2, magic shield, sanguine armour 2
a: Heroism, Finesse, Renounce Religion


You were on level 8 of the Dungeon.
You worshipped Okawaru.
Okawaru was extremely pleased with you.
You were hungry.

You visited 1 branch of the dungeon, and saw 8 of its levels.

You collected 203 gold pieces.

Inventory:

Hand Weapons
 a - a +3 hand axe
 d - a +0 blowgun
 n - a +7 club
 s - a +0 spear of venom
 A - a +6 flail of crushing (weapon)
Missiles
 c - 42 poisoned needles
 y - 5 needles of paralysis
Armour
 e - a +0 robe
 j - a +0 pair of boots (worn)
 k - a +1 ring mail
 w - a +4 ring mail of cold resistance (worn)
Jewellery
 g - an amulet of guardian spirit (around neck)
 h - a +2 ring of protection (left hand)
 i - an uncursed ring of protection from cold
 q - an uncursed ring of wizardry
 r - a ring of poison resistance (right hand)
 E - a +5 ring of dexterity
Wands
 p - a wand of paralysis (15)
 z - a wand of flame (22)
 D - a wand of disintegration (12)
Scrolls
 b - 4 scrolls of identify
 l - 2 scrolls of amnesia
 t - a scroll of fog {unknown}
 v - 2 scrolls of remove curse
 x - a scroll of enchant armour
 B - a scroll of enchant weapon
 C - 2 scrolls of teleportation
Comestibles
 f - 8 rations


   Skills:
 + Level 6.2 Fighting
 + Level 3.1(6.5) Axes
 + Level 9.0(9.3) Maces & Flails
 + Level 1.0 Throwing
 + Level 6.4 Armour
 + Level 4.9 Dodging
 + Level 1.4 Stealth
 + Level 2.5 Spellcasting
 + Level 0.5 Conjurations
 + Level 1.0 Hexes
 + Level 0.4 Necromancy
 + Level 0.1 Invocations


You had 10 spell levels left.
You knew the following spells:

 Your Spells              Type           Power        Failure   Level  Hunger
a - Freeze                Ice            #...         38%         1    #......
b - Magic Dart            Conj           #...         34%         1    #......
c - Confusing Touch       Hex            #.....       28%         1    #......
d - Animate Skeleton      Necr           N/A          34%         1    #......

Your spell library contained the following spells:

 Spells                   Type           Power        Failure   Level  Hunger
 Apportation              Tloc           #.....       38%         1    #......
 Summon Small Mammal      Summ           #...         38%         1    #......
 Ozocubu's Armour         Chrm/Ice       #.......     77%         3    ###....


Dungeon Overview and Level Annotations

Branches:
Dungeon (8/15)             Temple (0/1) D:7
   Lair: D:8-11

Altars:
Kikubaaqudgha
Nemelex Xobeh
Okawaru
Sif Muna
Vehumet
Xom


Innate Abilities, Weirdness & Mutations

You have a pair of horns on your head.
When hurt, damage is shared between your health and your magic reserves.
When seriously injured, your bleeding wounds create thick armour. (AC +9)


Message History

The leopard gecko bites you but does no damage.
The leopard gecko closely misses you. The leopard gecko misses you.
The gnoll sergeant hits you from afar with a +6 spear of flaming!
* * * LOW HITPOINT WARNING * * *
The gnoll sergeant burns you.
* * * LOW HITPOINT WARNING * * *
Okay, then.
It was a potion of flight.
You feel very buoyant.
You fly up into the air.
The leopard gecko closely misses you.
The gnoll sergeant hits you but does no damage.
The leopard gecko barely misses you. The leopard gecko misses you.
The leopard gecko bites you but does no damage.
You miss the leopard gecko. Your headbutt misses the leopard gecko.
The gnoll sergeant hits you but does no damage.
The leopard gecko closely misses you.
The gnoll sergeant hits you from afar with a +6 spear of flaming!
You die...

#.#......[.#.......#.#
#.###########.....##.#
#.# ##.g.###.# #.#
##.##.#.# #.# #.g#.#.#
#.# ##g#.#.# #.#
#.#.#.#
#.##############.#...#
#........@lggg.g.###.#
################.# #.#
### ###


You could see a gnoll sergeant, 3 gnolls and a leopard gecko.

Vanquished Creatures
  A two-headed ogre (D:8)
  Pikel (D:6)
  Grinder (D:6)
  Eustachio (D:4)
  Menkaure (D:6)
  Edmund (D:5)
  An ice beast (D:6)
  An orc warrior (D:7)
  Duvessa (D:5)
  2 sky beasts (D:7)
  3 slaves
  A phantom (D:5)
  2 necrophages (D:7)
  3 ogres
  A crocodile (D:7)
  6 centaurs
  A big kobold (D:8)
  2 bullfrogs (D:7)
  Dowan (D:5)
  A scorpion (D:6)
  4 killer bees (D:8)
  4 wights (D:7)
  2 howler monkeys
  A quasit (D:8)
  5 hounds
  3 bullfrog zombies
  A jelly (D:5)
  2 orc priests
  4 orc wizards
  Jessica (D:3)
  An iguana (D:4)
  4 worker ants
  A killer bee zombie (D:8)
  A hound skeleton (D:4)
  5 gnolls
  12 adders
  A river rat (D:4)
  An adder skeleton (D:2)
  3 worms
  4 dart slugs
  8 leopard geckos
  13 orcs
  4 ball pythons
  11 bats
  7 giant cockroaches
  3 goblins
  7 hobgoblins
  7 jackals
  4 quokkas
  13 frilled lizards
  A jackal skeleton (D:5)
  A jackal zombie (D:5)
  10 kobolds
  A leopard gecko skeleton (D:7)
  A leopard gecko zombie (D:6)
  7 rats
190 creatures vanquished.

Vanquished Creatures (others)
  An adder (D:7)
1 creature vanquished.

Grand Total: 191 creatures vanquished

Notes
Turn   | Place    | Note
-------+----------+-------------------------------------------
     0 | D:1      | Spwack the Demonspawn Wanderer began the quest for the Orb.
     0 | D:1      | Spwack set off with the following items: a +2 hand axe, 10
                  | poisoned needles, a +0 blowgun, a +0 robe, a ration; and
                  | the following spell memorised: Freeze; and the following
                  | spells available to memorise: Ozocubu's Armour
     0 | D:1      | Reached XP level 1. HP: 15/15 MP: 3/3
    76 | D:1      | Gained mutation: You have a pair of small horns on your
                  | head. [demonic ancestry]
    76 | D:1      | Reached XP level 2. HP: 9/21 MP: 5/5
   235 | D:1      | Found an iron altar of Okawaru.
   246 | D:1      | Became a worshipper of Warmaster Okawaru
   468 | D:2      | Reached XP level 3. HP: 8/26 MP: 6/6
   938 | D:2      | Gained mutation: When seriously injured, your bleeding
                  | wounds create armour. (AC +9) [demonic ancestry]
   938 | D:2      | Reached XP level 4. HP: 24/33 MP: 7/7
  1332 | D:3      | Noticed Jessica
  1345 | D:3      | Killed Jessica
  1345 | D:3      | Reached skill level 1 in Dodging
  1618 | D:4      | Found a radiant altar of Vehumet.
  1621 | D:4      | Found an ancient bone altar of Kikubaaqudgha.
  1622 | D:4      | Found a deep blue altar of Sif Muna.
  1660 | D:4      | Noticed Eustachio
  1673 | D:4      | Reached XP level 5. HP: 27/38 MP: 8/8
  1770 | D:4      | Killed Eustachio
  1770 | D:4      | Reached * piety under Okawaru
  1770 | D:4      | Reached skill level 1 in Maces & Flails
  1770 | D:4      | Gained mutation: When hurt, damage is shared between your
                  | health and your magic reserves. [demonic ancestry]
  1770 | D:4      | Reached XP level 6. HP: 19/46 MP: 4/9
  1813 | D:4      | Identified Vehumet's Incunabulum of Attacks
  1823 | D:4      | Learned a level 1 spell: Magic Dart
  1873 | D:4      | Reached skill level 2 in Maces & Flails
  2093 | D:4      | Gained mutation: You have a pair of horns on your head.
                  | [demonic ancestry]
  2093 | D:4      | Reached XP level 7. HP: 14/51 MP: 4/10
  2428 | D:5      | Entered Level 5 of the Dungeon
  2493 | D:5      | Reached skill level 3 in Maces & Flails
  2544 | D:5      | Reached ** piety under Okawaru
  2674 | D:5      | Reached skill level 4 in Maces & Flails
  2756 | D:5      | Learned a level 1 spell: Confusing Touch
  2758 | D:5      | Learned a level 1 spell: Animate Skeleton
  2916 | D:5      | Noticed Duvessa
  2920 | D:5      | Noticed Dowan
  2931 | D:5      | Killed Duvessa
  2931 | D:5      | Reached XP level 8. HP: 48/59 MP: 7/11
  2936 | D:5      | Killed Dowan
  3124 | D:5      | Noticed Edmund
  3149 | D:5      | Killed Edmund
  3390 | D:6      | Reached skill level 5 in Maces & Flails
  3390 | D:6      | Reached skill level 5 in Armour
  3598 | D:6      | Noticed Grinder
  3598 | D:6      | Noticed Menkaure
  3598 | D:6      | Paralysed by Grinder for 6 turns
  3613 | D:6      | Killed Menkaure
  3613 | D:6      | Reached *** piety under Okawaru
  3617 | D:6      | Killed Grinder
  3617 | D:6      | Reached skill level 6 in Maces & Flails
  3648 | D:6      | Noticed Pikel
  3750 | D:6      | Killed Pikel
  3750 | D:6      | Reached **** piety under Okawaru
  3750 | D:6      | Gained mutation: When seriously injured, your bleeding
                  | wounds create thick armour. (AC +9) [demonic ancestry]
  3750 | D:6      | Reached XP level 9. HP: 32/67 MP: 12/12
  3834 | D:6      | Found a shimmering altar of Xom.
  4119 | D:6      | Reached skill level 7 in Maces & Flails
  4158 | D:7      | Reached skill level 5 in Fighting
  4238 | D:7      | Reached ***** piety under Okawaru
  4255 | D:7      | Reached skill level 8 in Maces & Flails
  4274 | D:7      | Found a staircase to the Ecumenical Temple.
  4358 | D:8      | Noticed a two-headed ogre
  4366 | D:8      | Killed a two-headed ogre
  4366 | D:8      | Received a gift from Okawaru
  4366 | D:8      | Reached XP level 10. HP: 41/76 MP: 10/13
  4438 | D:8      | Reached skill level 9 in Maces & Flails
  4538 | D:8      | Found a sparkling altar of Nemelex Xobeh.
  4704 | D:8      | HP: 4/114 [gnoll (2)]
  4723 | D:8      | HP: 3/76 [gnoll sergeant/+6 spear of flaming (1)]
  4727 | D:8      | Slain by a gnoll sergeant

Levels and vault maps discovered:
D:1:      tarquinn_simple_flora_water_e, layout_basic, okawaru_ov_weapons_minmay
D:2:      minmay_inner_zag, layout_basic
D:3:      layout_basic, cheibriados_altar_1, minitemple, first_ration,
          grunt_decor_mini_mirrors, uniq_jessica
D:4:      layout_cave_pools, grunt_temple_overflow_magic_moments,
          portal_sewer_entry_b, uniq_eustachio
D:5:      layout_basic, uniq_duvessa, uniq_edmund
D:6:      layout_loops_ring, basic_altar, dk_rats_in_the_wall, uniq_grinder,
          uniq_menkaure, uniq_pikel
D:7:      minmay_the_grid_octo_2x2 [minmay_the_grid_octo_thin_diamonds,
          minmay_the_grid_octo_fat_diamond, minmay_the_grid_octo_clover_2,
          minmay_the_grid_octo_prize_single_spiral], layout_rooms,
          minmay_temple_entry_drinking_statues, grunt_livestock,
          lemuel_flamethrower_2, uniq_harold
D:8:      layout_basic, lemuel_round_altar, tgw_xom

Skill      XL: |  1  2  3  4  5  6  7  8  9 10 |
---------------+-------------------------------+-----
Armour         | 3 4 5 6 |  6.4
Axes           | 2 3 |  3.1
Dodging        | 1 2 3 4 |  4.9
Fighting       | 2 3 4 6 |  6.2
Maces & Flails | 1 2 4 6 8 9 |  9.0
Throwing       | |  1.0
Stealth        | |  1.4
Spellcasting   | |  2.5
Conjurations   | |  0.5
Hexes          | |  1.0
Necromancy     | |  0.4
Invocations    | |  0.1

Action                   |  1- 3 |  4- 6 |  7- 9 | 10-12 || total
-------------------------+-------+-------+-------+-------++-------
Melee: Hand axe          |   130 |    26 |       |       ||   156
       Headbutt          |    16 |    21 |    48 |     7 ||    92
       Club              |       |   147 |   165 |       ||   312
       Flail             |       |       |   159 |    63 ||   222
 Cast: Magic Dart        |       |       |     3 |       ||     3
       Animate Skeleton  |       |       |     1 |     2 ||     3
       Confusing Touch   |       |       |       |     2 ||     2
Invok: Heroism           |       |       |     1 |       ||     1
  Use: Scroll            |     3 |     7 |     3 |       ||    13
       Potion            |     2 |     1 |     3 |     2 ||     8
 Stab: Sleeping          |     1 |       |       |       ||     1
  Eat: Ration            |       |     2 |     1 |       ||     3
       Chunk             |       |       |     2 |     1 ||     3
Armor: Robe              |    18 |       |       |       ||    18
       Ring mail         |    58 |   217 |   169 |    62 ||   506
Dodge: Dodged            |   127 |   240 |   224 |    96 ||   687

Table legend:
 A = Non-vault XP
 B = Vault XP
 C = Vault XP percentage of total XP
 D = Non-vault monster count
 E = Vault monster count
 F = Vault count percentage of total count
                 A         B        C        D         E       F
            +---------+---------+-------+---------+---------+-------
      Total |    4003 |    2765 |  40.9 |     159 |      28 |  15.0
            +---------+---------+-------+---------+---------+-------
        D:1 |      37 |       0 |   0.0 |      22 |       0 |   0.0
        D:2 |      85 |       9 |   9.6 |      31 |       4 |  11.4
        D:3 |      23 |      37 |  61.7 |       6 |       1 |  14.3
        D:4 |     480 |     219 |  31.3 |      37 |       5 |  11.9
        D:5 |     715 |     355 |  33.2 |      23 |       3 |  11.5
        D:6 |     593 |    1099 |  65.0 |      11 |       3 |  21.4
        D:7 |     499 |    1046 |  67.7 |       9 |      12 |  57.1
        D:8 |    1571 |       0 |   0.0 |      20 |       0 |   0.0
            +---------+---------+-------+---------+---------+-------
